 Dungeon Crawl Stone Soup version 0.30-a0-168-g0b976cbdc4 (webtiles) character file.

Game seed: 6121132948655858625

1008 bande the Covered (level 8, 0/49 HPs)
             Began as a Gargoyle Fighter on Sept 30, 2022.
             Slain by a wraith (3 damage)
             ... on level 5 of the Dungeon.
             The game lasted 00:09:39 (4521 turns).

bande the Covered (Gargoyle Fighter)                Turns: 4521, Time: 00:09:39

Health: 0/49       AC: 19    Str: 20    XL:     8   Next: 20%
Magic:  8/8        EV:  7    Int:  9    God:
Gold:   185        SH:  5    Dex: 11    Spells: 7/7 levels left

rFire   . . .      SeeInvis .    a - +1 war axe
rCold   . . .      Faith    .    c - +0 buckler
rNeg    + . .      Spirit   .    h - +0 chain mail
rPois   ∞          Reflect  .    m - +2 hat
rElec   +          Harm     .    (no cloak)
rCorr   .          Rampage  .    g - +0 pair of gloves
Will    .....                    (no boots)
Stlth   ..........               (no amulet)
HPRegen 0.16/turn                (no ring)
MPRegen 0.11/turn                (no ring)

@: slowed, very slow
A: sickness immunity, AC +5, negative energy resistance 1, electricity
resistance, torment resistance 1, petrification resistance
a: no special abilities


You were on level 5 of the Dungeon.
You visited 2 branches of the dungeon, and saw 6 of its levels.

You collected 185 gold pieces.

Inventory:

Hand Weapons
 a - a +1 war axe (weapon)
 i - a +0 morningstar
Armour
 c - a +0 buckler (worn)
 g - a +0 pair of gloves (worn)
 h - a +0 chain mail (worn)
 m - a +2 hat (worn)
Wands
 l - a wand of charming (8)
Scrolls
 j - a scroll of teleportation
 n - 2 scrolls of summoning
Potions
 d - a potion of might
 e - a potion of attraction {unknown}
 f - a potion of invisibility


   Skills:
 + Level 5.0 Fighting
 + Level 5.3 Axes
 + Level 6.0 Armour
 - Level 0.2 Stealth
 + Level 4.4 Shields
 * Level 3.0 Evocations


You had 7 spell levels left.
You didn't know any spells.
Your spell library contained the following spells:

 Spells                   Type           Power      Damage    Failure   Level
 Kiss of Death            Conj/Necr      0%         2d5       99%         1
 Passwall                 Tmut/Erth      0%         N/A       100%        2
 Poisonous Vapours        Pois/Air       0%         N/A       100%        2
 Kindle Blastsparks       Fire/Tloc/Air  0%         2d10      100%        3
 Portal Projectile        Hex/Tloc       0%         N/A       100%        3
 Stone Arrow              Conj/Erth      0%         3d7       100%        3
 Animate Armour           Summ/Erth      0%         N/A       100%        4
 Leda's Liquefaction      Hex/Erth       0%         N/A       100%        4
 Passage of Golubria      Tloc           0%         N/A       100%        4
 Cigotuvi's Dreadful Rot  Necr/Pois/Air  Unusable   N/A       N/A         2
 Statue Form              Tmut/Erth      Unusable   N/A       N/A         6

Dungeon Overview and Level Annotations

Branches:
Dungeon (5/15)             Temple (1/1) D:4

Altars:
Ashenzari
Dithmenos
Fedhas
Gozag
Hepliaklqana
Makhleb
Qazlal
Sif Muna
Trog
Wu Jian

Shops:
D:1 ?


Innate Abilities, Weirdness & Mutations

You are immune to sickness and miasma.
Your stone body is resilient. (AC +5)
You are immune to poison.
You resist negative energy. (rN+)
You are resistant to electric shocks. (rElec)
You are resistant to unholy torment.
You are immune to petrification.


Message History

Unknown command.
You slash the wraith!
The wraith is almost destroyed.
You barely miss the phantom. The phantom barely misses you.
The wraith closely misses you. The wraith hits you!
* * * LOW HITPOINT WARNING * * *
The wraith drains your vigour!
You feel as though you will be slow longer.
The phantom hits you but does no damage.
You closely miss the wraith.
The wraith is almost destroyed.
You hit the phantom. The wraith hits you but does no damage.
The phantom misses you. The wraith closely misses you.
The phantom hits you but does no damage.
Unknown command.
You closely miss the wraith.
The wraith is almost destroyed.
You hit the phantom. The phantom barely misses you.
The wraith hits you but does no damage.
The phantom hits you but does no damage.
The wraith barely misses you.
You hit the wraith but do no damage.
The wraith is almost destroyed.
You hit the phantom.
The phantom hits you but does no damage.
The wraith barely misses you. The wraith completely misses you.
The phantom barely misses you.
Unknown command.
You hit the wraith.
The wraith is almost destroyed.
You closely miss the phantom.
You hear the slow rusting of a very distant drain.
The phantom hits you but does no damage.
You block the wraith's attack. The wraith hits you but does no damage.
You block the phantom's attack.
You barely miss the wraith.
The wraith is almost destroyed.
You completely miss the phantom. You block the phantom's attack.
The wraith hits you but does no damage. The wraith hits you.
You die...

##+## ##...## #
###.....## ##.#.
#........##
?.....####.#.......# ..
#..cW@#§O.#......+ #.#
##..##W#l#§#O....# #.#
#..§§w._§§§....## #.##
#...#§#§#§#...## #
###..#####...###.§§#...##
. #..........## ##§#..+##
.##.#...##..#######.§.#.#
#.#.#.#.#.#.#.#.#.#.###.#
.<............l....S.# .#


You could see a wraith, a phantom, a centaur and a dart slug.

Vanquished Creatures
  Pikel (D:4)
  A vampire mosquito (D:5)
  A black bear (D:4)
  A lemure (D:4)
  A phantom (D:5)
  A howler monkey (D:5)
  A hound (D:4)
  Terence (D:2)
  8 adders
  An ufetubus (D:3)
  A worm (D:3)
  3 dart slugs (D:3)
  4 orcs (D:3)
  6 endoplasms
  4 giant cockroaches
  3 goblins
  6 hobgoblins
  4 jackals (D:2)
  6 quokkas
  6 ball pythons
  7 bats
  3 frilled lizards
  6 kobolds
  6 rats
82 creatures vanquished.

Notes
Turn   | Place    | Note
-------+----------+-------------------------------------------
     0 | D:1      | bande the Gargoyle Fighter began the quest for the Orb.
     0 | D:1      | Reached XP level 1. HP: 14/14 MP: 1/1
    80 | D:1      | Found Rabbeev's Magic Scroll Shoppe.
   140 | D:1      | Reached XP level 2. HP: 12/19 MP: 2/2
   572 | D:1      | Got the Incunable of Bedrock
   964 | D:1      | Reached XP level 3. HP: 22/24 MP: 3/3
  1329 | D:2      | Got the Anthology of Dimensional Hurting
  1351 | D:2      | Found a faded altar of an unknown god.
  1471 | D:2      | Reached skill level 4 in Armour
  1471 | D:2      | Reached XP level 4. HP: 23/29 MP: 4/4
  1973 | D:2      | Noticed Terence
  1978 | D:2      | Killed Terence
  2252 | D:3      | Found a stormy altar of Qazlal.
  2371 | D:3      | Found a shimmering blue altar of Sif Muna.
  2425 | D:3      | Reached XP level 5. HP: 33/33 MP: 5/5
  2903 | D:4      | Identified the +0 leather armour of Noon {Regen+}
  2945 | D:4      | Noticed a black bear
  2952 | D:4      | Killed a black bear
  2953 | D:4      | Reached skill level 1 in Evocations
  2953 | D:4      | Reached XP level 6. HP: 14/38 MP: 6/6
  3706 | D:4      | Found a staircase to the Ecumenical Temple.
  3717 | Temple   | Entered the Ecumenical Temple
  3861 | D:4      | Noticed Pikel
  3880 | D:4      | Killed Pikel
  3881 | D:4      | Reached skill level 5 in Armour
  3881 | D:4      | Reached XP level 7. HP: 6/44 MP: 7/7
  4438 | D:5      | Entered Level 5 of the Dungeon
  4464 | D:5      | Reached skill level 5 in Axes
  4478 | D:5      | Found a shadowy altar of Dithmenos.
  4488 | D:5      | Noticed a vampire mosquito
  4499 | D:5      | Killed a vampire mosquito
  4500 | D:5      | Reached XP level 8. HP: 28/48 MP: 8/8
  4504 | D:5      | Noticed a wraith
  4510 | D:5      | Reached skill level 5 in Fighting
  4510 | D:5      | Reached skill level 6 in Armour
  4516 | D:5      | HP: 2/49 [wraith (8)]
  4521 | D:5      | Slain by a wraith

Illustrated notes

Levels and vault maps discovered:
D:1:      dpeg_arrival_round_b, layout_loops_ring, serial_shops, shop_statue,
          kennysheep_nondescript, grunt_decor_junction, st_stairs_7,
          hangedman_abyss_or_decor_stabs
D:2:      layout_loops_ring, shapermc_ecumenical_altar_starsandcircs,
          uniq_terence
D:3:      layout_loops_cross, mainiacjoe_overflow_alcove_1, old_standard_altar
D:4:      layout_loops_ring, minmay_temple_entry_hall,
          dreamdust_princess_corridor, uniq_pikel
D:5:      layout_loops_corners, grunt_dithmenos_smoke_and_mirrors,
          mainiacjoe_overflow_24_doors, tso_metal_star, gup_sewer_entry_glass,
          st_stairs_13, minmay_manual_maat, uniq_grinder
Temple:   hellmonk_temple_beads

Skill      XL: |  1  2  3  4  5  6  7  8 |
---------------+-------------------------+-----
Axes           | 2 3 4 5 |  5.3
Armour         | 4 5 6 |  6.0
Shields        | 4 |  4.4
Fighting       | 4 5 |  5.0
Evocations     | 1 2 3 |  3.0
Stealth        | |  0.2

Action                   |  1- 3 |  4- 6 |  7- 9 || total
-------------------------+-------+-------+-------++-------
Melee: War axe           |   140 |   141 |    52 ||   333
  Use: Scroll            |     1 |     8 |     2 ||    11
       Potion            |       |       |     2 ||     2
Armor: Scale mail        |    51 |       |       ||    51
       Chain mail        |    45 |   114 |    56 ||   215
Dodge: Dodged            |    69 |    60 |    37 ||   166
Block: Buckler           |    27 |    35 |     9 ||    71

Table legend: (Time is in decaauts)
 A = Elapsed time spent in this place.
 B = Non-inter-level travel time spent in this place.
 C = Inter-level travel time spent in this place.
 D = Time resting spent in this place.
 E = Time spent auto-exploring this place.
 F = Levels seen in this place.
 G = Mean time per level.
                   A        B        C        D        E       F      G
               +--------+--------+--------+--------+--------+-----+--------+
         Total |   4658 |   4579 |     79 |    945 |   2693 |   6 |  776.3 |
       Dungeon |   4172 |   4093 |     79 |    583 |   2603 |   5 |  834.4 |
        Temple |    486 |    486 |      0 |    362 |     90 |   1 |  486.0 |
               +--------+--------+--------+--------+--------+-----+--------+

Top non-repeatable levels by time:
     D:1: 1220 daAuts
     D:4: 1094 daAuts
     D:2: 985 daAuts
     D:3: 771 daAuts
  Temple: 486 daAuts
     D:5: 101 daAuts
